 Dungeon Crawl Stone Soup version 0.31-a0-1603-gbec6b6ccbf (webtiles) character file.

Game seed: 6467563387296467984

89210 MisterAzrael the Warrior (level 15, -7/232 HPs)
             Began as a Minotaur Fighter on Jan 7, 2024.
             Was the Champion of Qazlal.
             Mangled by Jorgrun
             ... wielding a staff of earth
              (15 damage)
             ... while petrified by Jorgrun
             ... on level 1 of the Orcish Mines on Jan 8, 2024.
             The game lasted 00:31:56 (19337 turns).

MisterAzrael the Warrior (Minotaur Fighter)        Turns: 19337, Time: 00:31:56

Health: -7/232     AC: 30    Str: 35    XL:     15   Next: 48%
Magic:  23/23      EV: -1    Int:  5    God:    Qazlal [******]
Gold:   1840       SH:  0    Dex:  9    Spells: 14/14 levels left

rFire   + . .        a - +0 war axe (flame)
rCold   . . .        Y - +0 tower shield {AC+3}
rNeg    + + +        O - +0 plate armour {rF+}
rPois   ∞            W - +1 hat
rElec   .            w - +2 cloak {rCorr}
rCorr   +            (no gloves)
SInv    .            J - +1 pair of boots of Infinity {Regen+}
Will    +....        (no amulet) Stlth
                     e - +6 ring of strength
HPRegen 1.38/turn    Z - ring of positive energy
MPRegen 0.18/turn

%: repel missiles, clarity
@: berserking (expiring), petrified, grasped by roots, protected from physical
damage, constricted
A: horns 2, retaliatory headbutt, clarity, poison resistance, robust 1
a: Renounce Religion, Upheaval, Elemental Force, Disaster Area


You were on level 1 of the Orcish Mines.
You worshipped Qazlal.
Qazlal was exalted by your worship.
You visited 4 branches of the dungeon, and saw 22 of its levels.
You also visited: Gauntlet.

You collected 2005 gold pieces.
You spent 165 gold pieces at shops.

Inventory:

Hand Weapons
 a - a +0 war axe of flaming (weapon)
 y - a +2 morningstar of freezing
 F - a +3 battleaxe of freezing
Missiles
 s - 3 throwing nets
 N - 6 silver javelins
Armour
 w - a +2 cloak of preservation (worn)
 J - the +1 pair of boots of Infinity (worn) {Regen+}
   (You found it in a Gauntlet)

   Regen+:    It increases your rate of health regeneration.
 O - a +0 plate armour of fire resistance (worn)
 W - a +1 hat (worn)
 Y - a +0 tower shield of protection (worn)
Jewellery
 e - a +6 ring of strength (left hand)
 i - a ring of protection from fire
 n - a ring of see invisible
 q - a ring of ice
 P - a ring of flight
 T - a ring of poison resistance
 Z - a ring of positive energy (right hand)
Wands
 m - a wand of flame (21)
 t - a wand of paralysis (26)
 x - a wand of mindburst (5)
 A - a wand of polymorph (17)
 L - a wand of iceblast (20)
 Q - a wand of digging (8)
Scrolls
 b - a scroll of immolation
 c - 3 scrolls of identify
 d - 2 scrolls of brand weapon
 h - 4 scrolls of teleportation
 j - a scroll of vulnerability
 o - 3 scrolls of blinking
 C - 4 scrolls of enchant armour
 G - 5 scrolls of poison
 I - 2 scrolls of revelation
 M - 3 scrolls of fear
 U - 3 scrolls of fog
 X - a scroll of enchant weapon
Potions
 f - 3 potions of cancellation
 g - 4 potions of resistance
 k - 6 potions of lignification
 l - 2 potions of ambrosia
 p - a potion of magic {unknown}
 u - 3 potions of mutation
 v - 2 potions of invisibility
 z - 9 potions of curing
 D - 3 potions of haste
 E - 2 potions of attraction
 H - a potion of brilliance
 K - a potion of enlightenment {unknown}
 V - 3 potions of might
Miscellaneous
 r - a sack of spiders
 R - a phantom mirror


   Skills:
 + Level 15.3 Fighting
 + Level 15.0 Axes
 + Level 15.0 Armour
 + Level 15.0 Shields
 - Level 12.0 Invocations
 * Level 6.2 Evocations


You had 14 spell levels left.
You didn't know any spells.
Your spell library contained the following spells:

 Spells                   Type           Power      Damage    Failure   Level
 Magic Dart               Conj           0%         1d3       99%         1
 Sandblast                Erth           0%         2d4       99%         1
 Sting                    Conj/Alch      0%         1d3       99%         1
 Blink                    Tloc           0%         N/A       100%        2
 Call Imp                 Summ           0%         N/A       100%        2
 Mercury Vapours          Alch/Air       0%         N/A       100%        2
 Mephitic Cloud           Conj/Alch/Air  0%         N/A       100%        3
 Stone Arrow              Conj/Erth      0%         3d7       100%        3
 Animate Armour           Summ/Erth      0%         N/A       100%        4
 Animate Dead             Necr           0%         N/A       100%        4
 Dispel Undead            Necr           0%         3d6       100%        4
 Ignite Poison            Fire/Alch      0%         N/A       100%        4
 Olgreb's Toxic Radiance  Alch           0%         N/A       100%        4
 Sticky Flame             Fire/Alch      0%         2d4       100%        4
 Freezing Cloud           Conj/Ice/Air   0%         6-21      100%        5
 Death Channel            Necr           0%         N/A       100%        6
 Haunt                    Necr/Summ      0%         N/A       100%        7
 Ignition                 Fire           0%         3d3       100%        8
 Infestation              Necr           0%         N/A       100%        8
 Lehudib's Crystal Spear  Conj/Erth      0%         10d2      100%        8


Dungeon Overview and Level Annotations

Branches:
Dungeon (15/15)            Temple (1/1) D:6            Lair (5/5) D:11
 Shoals (0/4) Lair:2       Spider (0/4) Lair:2        Slime (0/5) Lair:4
    Orc (1/2) D:11         Vaults (0/5) D:14         Depths (0/4) D:15
Gauntlet (visited)

Altars:
Ashenzari
Cheibriados
Dithmenos
Elyvilon
Fedhas
Gozag
Hepliaklqana
Kikubaaqudgha
Makhleb
Nemelex Xobeh
Okawaru
Qazlal
Ru
Sif Muna
Trog
Uskayaw
Vehumet
Wu Jian
Xom
Yredelemnul
Zin
The Shining One

Shops:
D:3 =   D:5 *   D:10 *

Annotations:
D:8 3 runed translucent doors, jasper's ghost, novice DECA
D:9 3 runed translucent doors, Tonberry's ghost, novice DgCj
Lair:5 3 runed translucent doors, Warped's ghost, journeyman DESu
Orc:1 Jorgrun


Innate Abilities, Weirdness & Mutations

You have a pair of horns on your head.
You reflexively headbutt those who attack you in melee.
You possess an exceptional clarity of mind.
Your system is resistant to poisons. (rPois)
You are robust. (+10% HP)


Message History

You hear a shout! x2
You block the orc warrior's attack. Jorgrun hits you with a staff of earth!
* * * LOW HITPOINT WARNING * * *
The ground beneath you fractures.
* * * LOW HITPOINT WARNING * * *
The grasping roots constrict you.
You hit Jorgrun. You burn Jorgrun. Your headbutt misses Jorgrun.
Jorgrun is severely wounded.
You slash the orc! You burn the orc.
You kill the orc!
Qazlal accepts your kill.
You hear a shout! x4
You block the orc warrior's attack. Jorgrun casts a spell at you.
Your limbs have turned to stone.
The grasping roots constrict you!
* * * LOW HITPOINT WARNING * * *
You have turned to stone.
The orc warrior hits you but does no damage.
The orc hits you but does no damage.
The orc wizard hits you but does no damage.
Jorgrun hits you but does no damage. The ground beneath you fractures!
* * * LOW HITPOINT WARNING * * *
The grasping roots constrict you.
* * * LOW HITPOINT WARNING * * *
An orc priest comes into view. It is wielding a +0 dagger.
The orc warrior hits you but does no damage.
An orc comes into view. It is wielding a +0 mace.
The orc hits you but does no damage. Jorgrun hits you but does no damage.
The ground beneath you fractures!
* * * LOW HITPOINT WARNING * * *
The grasping roots constrict you.
You hear a shout! x2
The orc hits you but does no damage.
The orc warrior hits you but does no damage.
An orc comes into view. It is wielding a +0 short sword.
The orc wizard hits you but does no damage.
Jorgrun hits you with a staff of earth.
* * * LOW HITPOINT WARNING * * *
The ground beneath you fractures!!
You die...

####......
#.........
#..>o.o...
##...$.$...
####..)...o...
#..#..oo..#
###.○.°o☼..##
#....○o$o.##
##....@...$#
##.○°g_°...#
##.°○☼○...#
#...........
##...........
###.#.......
...###... #.#
..#


You could see Jorgrun, 2 orc warriors, an orc priest, an orc wizard and 4 orcs.

Vanquished Creatures
  Rupert (Lair:3)
  Gastronok (Lair:3)
  A tentacled starspawn (Lair:4)
  Kirke (D:14)
  Louise (D:14)
  3 dire elephants
  Nessos (Lair:3)
  A minotaur (Gauntlet)
  An entropy weaver (shapeshifter) (D:15)
  4 vault guards (D:14)
  2 rakshasas
  8 hydras
  An ogre mage (D:15)
  A catoblepas (D:13)
  6 centaur warriors
  7 two-headed ogres
  5 boulder beetles
  2 tengu warriors (D:15)
  Urug (D:13)
  Sonja (Lair:1)
  A spectral anaconda (Lair:5)
  An orb spider (Lair:2)
  An arcanist (D:13)
  An obsidian statue (Lair:5)
  4 necromancers (Lair:5)
  2 deep elf pyromancers
  An orc sorcerer (Orc:1)
  18 ugly things
  2 moths of wrath (Gauntlet)
  A salamander (D:15)
  3 manticores
  4 cyclopes
  3 meliai (Gauntlet)
  2 dire elephant zombies (Lair:5)
  6 black mambas
  4 gargoyles
  7 elephants (Lair:5)
  12 cane toads
  8 komodo dragons
  7 rime drakes
  An efreet (D:14)
  4 yaktaurs (D:15)
  3 polar bears (Lair:1)
  2 tengu conjurers (D:15)
  A troll (D:9)
  7 blink frogs
  A hornet (D:9)
  Grinder (D:4)
  A dream sheep (Lair:4)
  7 slime creatures
  A shadow (D:9)
  3 wraiths
  36 yaks
  6 wyverns
  12 basilisks
  A hog (D:14)
  5 vampire mosquitoes
  A human (Lair:4)
  A steam dragon (D:10)
  2 death yak simulacra (Lair:5)
  4 spectral cane toads (Lair:5)
  An acid dragon (D:9)
  Duvessa (D:7)
  14 water moccasins
  3 black bears
  3 ice beasts
  A swamp drake (D:11)
  A sky beast (shapeshifter) (D:13)
  7 orc warriors
  An elephant zombie (Lair:5)
  22 wolves
  4 ogres
  29 centaurs
  2 elephant skeletons (Lair:5)
  2 phantoms (D:5)
  5 kobold brigands
  14 bullfrogs
  An elf skeleton (D:5)
  4 scorpions
  8 wights
  Dowan (D:7)
  An elephant simulacrum (Lair:5)
  9 killer bees
  An electric eel (Lair:1)
  5 howler monkeys
  2 bombardier beetles
  2 jellies
  A hound (D:5)
  8 orc priests
  2 gnoll boudas
  2 human skeletons (D:5)
  A sleepcap (D:7)
  Jessica (D:2)
  2 iguanas (D:7)
  13 orc wizards
  7 hell rats (Lair:4)
  14 gnolls
  8 adders
  2 shadow imps
  3 white imps
  4 ufetubi
  A ribbon worm (D:2)
  2 dart slugs
  46 orcs
  7 ball pythons
  5 endoplasms
  2 giant cockroaches
  11 goblins
  3 hobgoblins (D:3)
  2 jackals (D:4)
  24 kobolds
  6 quokkas
  A frilled lizard (D:3)
  3 orc skeletons (D:5)
  2 rats
564 creatures vanquished.

Vanquished Creatures (others)
  4 humans (D:14)
  2 starspawn tentacles (Lair:4)
6 creatures vanquished.

Grand Total: 570 creatures vanquished

Notes
Turn   | Place    | Note
-------+----------+-------------------------------------------
     0 | D:1      | MisterAzrael the Minotaur Fighter began the quest for the
                  | Orb.
     0 | D:1      | Reached XP level 1. HP: 19/19 MP: 0/0
   468 | D:1      | Reached XP level 2. HP: 20/27 MP: 1/1
  1054 | D:2      | Noticed a bombardier beetle
  1058 | D:2      | Killed a bombardier beetle
  1059 | D:2      | Reached XP level 3. HP: 30/33 MP: 2/2
  1284 | D:2      | Noticed Jessica
  1288 | D:2      | Killed Jessica
  1289 | D:2      | Reached XP level 4. HP: 41/41 MP: 3/3
  2317 | D:3      | Reached XP level 5. HP: 47/47 MP: 4/4
  2459 | D:3      | Found a faded altar of an unknown god.
  2582 | D:3      | Found an ornate altar of the Wu Jian Council.
  2582 | D:3      | Found an ancient bone altar of Kikubaaqudgha.
  2583 | D:3      | Found a broken altar of Ashenzari.
  2583 | D:3      | Found a hide-covered altar of Uskayaw.
  2858 | D:3      | Found Kuicuwum's Jewellery Emporium.
  2861 | D:3      | Bought a ring of see invisible for 165 gold pieces
  2979 | D:4      | Noticed an ogre
  2985 | D:4      | Killed an ogre
  2986 | D:4      | Reached skill level 5 in Fighting
  2986 | D:4      | Reached skill level 5 in Armour
  2986 | D:4      | Reached skill level 5 in Shields
  3201 | D:4      | Noticed Grinder
  3205 | D:4      | Paralysed by Grinder for 3 turns
  3211 | D:4      | Paralysed by Grinder for 3 turns
  3216 | D:4      | Killed Grinder
  3217 | D:4      | Reached XP level 6. HP: 34/56 MP: 5/5
  3466 | D:4      | Found a radiant altar of Vehumet.
  3466 | D:4      | Found a hazy altar of Hepliaklqana.
  3601 | D:4      | Reached skill level 5 in Axes
  3601 | D:4      | Reached XP level 7. HP: 57/62 MP: 6/6
  3752 | D:5      | Entered Level 5 of the Dungeon
  4228 | D:5      | Found Hienon's General Store.
  4253 | D:5      | Reached XP level 8. HP: 52/71 MP: 7/7
  4372 | D:5      | Found a glowing silver altar of Zin.
  4948 | D:6      | Found a staircase to the Ecumenical Temple.
  4973 | Temple   | Entered the Ecumenical Temple
  4990 | Temple   | Became a worshipper of Qazlal Stormbringer
  5014 | D:6      | Found an opulent altar of Gozag.
  5131 | D:6      | Reached XP level 9. HP: 70/81 MP: 8/8
  5771 | D:7      | Reached * piety under Qazlal
  6083 | D:7      | Noticed Duvessa
  6083 | D:7      | Noticed Dowan
  6088 | D:7      | Killed Duvessa
  6095 | D:7      | Killed Dowan
  6427 | D:8      | Reached ** piety under Qazlal
  6454 | D:8      | Reached XP level 10. HP: 91/91 MP: 9/9
  6542 | D:8      | Found a sparkling altar of Nemelex Xobeh.
  6587 | D:8      | Found a runed translucent gate.
  6588 | D:8      | Found a runed translucent gate.
  6588 | D:8      | Noticed jasper's ghost (novice DECA)
  6589 | D:8      | Found a runed translucent gate.
  6589 | D:8      | Noticed a tengu warrior
  6999 | D:9      | Found a runed translucent gate.
  6999 | D:9      | Found a runed translucent gate.
  6999 | D:9      | Found a runed translucent gate.
  7000 | D:9      | Found an opulent altar of Gozag.
  7000 | D:9      | Noticed a boulder beetle
  7002 | D:9      | Noticed a centaur warrior
  7004 | D:9      | Noticed Tonberry's ghost (novice DgCj)
  7016 | D:9      | Reached skill level 10 in Armour
  7016 | D:9      | Reached skill level 10 in Shields
  7202 | D:9      | Reached skill level 10 in Fighting
  7281 | D:9      | Noticed a two-headed ogre
  7288 | D:9      | Killed a two-headed ogre
  7395 | D:9      | Reached skill level 10 in Axes
  7395 | D:9      | Reached skill level 1 in Invocations
  7416 | D:9      | Reached *** piety under Qazlal
  7434 | D:9      | Noticed a deep elf pyromancer
  7438 | D:9      | Killed a deep elf pyromancer
  7458 | D:9      | Reached XP level 11. HP: 19/101 MP: 12/12
  8333 | D:10     | Entered Level 10 of the Dungeon
  8628 | D:10     | Found Emustan's CLEARANCE SALE!.
  8653 | D:10     | Noticed a two-headed ogre
  8669 | D:10     | Killed a two-headed ogre
  9002 | D:10     | Found a basalt altar of Yredelemnul.
  9089 | D:11     | Found a staircase to the Lair.
  9395 | D:11     | Reached skill level 5 in Invocations
  9565 | D:11     | Found a staircase to the Orcish Mines.
  9571 | D:11     | Reached **** piety under Qazlal
  9894 | D:11     | Noticed a boulder beetle
  9923 | D:11     | Killed a boulder beetle
 10285 | D:12     | Found a gate leading to a gauntlet.
 10455 | Gauntlet | Entered a Gauntlet
 10455 | Gauntlet | Noticed a death scarab
 10455 | Gauntlet | Found a transporter.
 10455 | Gauntlet | Found a transporter.
 10455 | Gauntlet | Found a transporter.
 10459 | Gauntlet | Found a transporter.
 10459 | Gauntlet | Found a transporter.
 10459 | Gauntlet | Found a transporter.
 10520 | Gauntlet | Found a transporter.
 10529 | Gauntlet | Reached XP level 12. HP: 61/111 MP: 15/15
 10826 | Gauntlet | Found a transporter.
 10867 | Gauntlet | Found a transporter.
 10875 | Gauntlet | Gained mutation: You are robust. (+10% HP) [potion of
                  | mutation]
 10875 | Gauntlet | Gained mutation: Your mind is acute. (Int +4, Str/Dex -1)
                  | [potion of mutation]
 10875 | Gauntlet | Gained mutation: You passively map a small area around you.
                  | [potion of mutation]
 10875 | Gauntlet | Gained mutation: You possess an exceptional clarity of
                  | mind. [potion of mutation]
 11185 | Gauntlet | Identified the +1 pair of boots of Infinity {Regen+}
 11212 | Gauntlet | Found a transporter.
 11226 | Gauntlet | Identified the +1 trident "Junesk" {spect, rElec rPois rF-
                  | Stlth+}
 11226 | Gauntlet | Noticed a minotaur
 11246 | Gauntlet | Killed a minotaur
 11482 | D:12     | Noticed a two-headed ogre
 11487 | D:12     | Killed a two-headed ogre
 11972 | D:13     | Noticed a catoblepas
 11983 | D:13     | Killed a catoblepas
 12033 | D:13     | Noticed a six-headed hydra
 12043 | D:13     | Killed a three-headed hydra
 12155 | D:13     | Noticed a centaur warrior
 12159 | D:13     | Killed a centaur warrior
 12248 | D:13     | Noticed Urug
 12260 | D:13     | Killed Urug
 12410 | D:13     | Lost mutation: You passively map a small area around you.
                  | [potion of mutation]
 12410 | D:13     | Lost mutation: Your mind is acute. (Int +4, Str/Dex -1)
                  | [potion of mutation]
 12410 | D:13     | Gained mutation: Your system is resistant to poisons.
                  | (rPois) [potion of mutation]
 12643 | D:14     | Noticed a two-headed ogre
 12650 | D:14     | Killed a two-headed ogre
 12667 | D:14     | Got the Incunabulum of Synthesis and Lamentation
 12669 | D:14     | Noticed a boulder beetle
 12685 | D:14     | Killed a boulder beetle
 12685 | D:14     | Noticed Louise
 12710 | D:14     | Killed Louise
 12711 | D:14     | Reached XP level 13. HP: 122/130 MP: 18/18
 12767 | D:14     | Found a gate to the Vaults.
 12767 | D:14     | Noticed Kirke
 12777 | D:14     | Reached ***** piety under Qazlal
 12785 | D:14     | Killed Kirke
 12808 | D:14     | Reached skill level 10 in Invocations
 13115 | D:14     | Found an ancient bone altar of Kikubaaqudgha.
 13421 | D:15     | Entered Level 15 of the Dungeon
 13501 | D:15     | Found an iron altar of Okawaru.
 13564 | D:15     | Reached XP level 14. HP: 113/143 MP: 21/21
 14123 | D:15     | Found a staircase to the Depths.
 14203 | D:15     | Found a blossoming altar of Fedhas.
 14328 | Lair:1   | Entered Level 1 of the Lair of Beasts
 14602 | Lair:1   | Noticed Sonja
 14637 | Lair:1   | Killed Sonja
 15296 | Lair:2   | Found a staircase to the Shoals.
 15331 | Lair:2   | Reached skill level 1 in Evocations
 15488 | Lair:2   | Found a hole to the Spider Nest.
 16222 | Lair:3   | Noticed Rupert
 16228 | Lair:3   | Killed Rupert
 16241 | Lair:3   | Noticed Nessos
 16259 | Lair:3   | Killed Nessos
 16411 | Lair:3   | Noticed Gastronok
 16420 | Lair:3   | Killed Gastronok
 17078 | Lair:4   | Reached ****** piety under Qazlal
 17138 | Lair:4   | Reached XP level 15. HP: 127/152 MP: 23/23
 17258 | Lair:4   | Found a staircase to the Slime Pits.
 17272 | Lair:4   | You fall into a shaft and drop 1 floor!
 17272 | Lair:5   | Entered Level 5 of the Lair of Beasts
 17350 | Lair:5   | Found a runed translucent gate.
 17351 | Lair:5   | Found a runed translucent gate.
 17351 | Lair:5   | Noticed Warped's ghost (journeyman DESu)
 17352 | Lair:5   | Found a runed translucent gate.
 17582 | Lair:5   | Reached skill level 5 in Evocations
 17630 | Lair:5   | Reached skill level 15 in Fighting
 17740 | Lair:5   | Got the Precepts of the Stormy Anticline
 18715 | Lair:4   | Reached skill level 15 in Shields
 18721 | Lair:4   | Reached skill level 15 in Axes
 18790 | Lair:4   | Found a hide-covered altar of Uskayaw.
 19017 | Lair:4   | Reached skill level 15 in Armour
 19133 | Lair:4   | Found a runed translucent door.
 19134 | Lair:4   | Noticed a tentacled starspawn
 19195 | Lair:4   | Killed a tentacled starspawn
 19198 | Lair:4   | Identified the +9 shortbow of Zuehah {elec, SInv}
 19315 | Orc:1    | Entered Level 1 of the Orcish Mines
 19315 | Orc:1    | Noticed Jorgrun
 19336 | Orc:1    | HP: 10/232 [Jorgrun/staff of earth (7)]
 19337 | Orc:1    | Mangled by Jorgrun

Illustrated notes

Levels and vault maps discovered:
D:1:      saegor_arrival_simple_b, layout_basic, minmay_liquid_box
D:2:      layout_loops_corners, minmay_goblin_kobold_house, uniq_jessica
D:3:      kennysheep_the_goblin_king, layout_rooms,
          chequers_temple_overflow_statue_of_worship, serial_shops,
          nicolae_shop_trees, ebering_ecumenical_altar_abandoned,
          roderic_lattice_a
D:4:      layout_cave_pools, gammafunk_temple_overflow_elements, uniq_grinder
D:5:      layout_loops_ring, zin_statuary, serial_shops,
          nicolae_shop_tiny_glass, nicolae_ossuary_entry_catacombs
D:6:      layout_basic, nicolae_gozag_seed_capital,
          minmay_temple_entry_drinking_statues, hangedman_decor_riveting,
          eino_tiny_chamber, chequers_mini_garden
D:7:      layout_cave_pools, minmay_crossroads, uniq_duvessa
D:8:      layout_cave_pools, nemelex_xobeh_ov_fountains_minmay,
          gammafunk_ghost_split
D:9:      minmay_polygon_palace, layout_irregular_city, ebering_ghost_gozag
D:10:     layout_loops_ring, kennysheep_mini_moat, nicolae_shop_clearance
D:11:     layout_rooms, david_lair_shrubbed, erik_orc_1
D:12:     layout_loops_ring, gauntlet_entry_generic
D:13:     layout_gridville, uniq_urug
D:14:     layout_loops_ring, lightli_vaults_fourway_checkpoint,
          kiku_gazebo_pond_becter, uniq_louise, uniq_kirke
D:15:     hangedman_depths_entry_try_elsewhere_first, layout_cave_pools,
          fedhas_altar_2, dk_noncrumbling_2, okawaru_gym_becter
Temple:   nicolae_temple_bog_church
Lair:1:   layout_regular_city, gammafunk_lair_bear_cave, uniq_sonja
Lair:2:   layout_long_grid, minmay_shoals_entry_centaurs,
          nicolae_spider_entry_orb_guardian, grunt_megastairs_3,
          infiniplex_staircase_pool_2
Lair:3:   layout_cave_pods, uniq_rupert, uniq_nessos, uniq_gastronok
Lair:4:   layout_roguey [special_room_mythical_zoo], slime_entry_1, basic_altar,
          pdpol_lair_cabin_in_the_woods
Lair:5:   due_jungle_book, layout_loops_ring, gammafunk_ghost_split
Orc:1:    layout_diamond_mine, portal_ice_cave_entry_pillars_1, basic_altar,
          uniq_jorgrun, uniq_erolcha

Skill      XL: |  1  2  3  4  5  6  7  8  9 10 11 12 13 14 15 |
---------------+----------------------------------------------+-----
Fighting       | 4 5 6 8 9 10 11 12 13 14 15 | 15.3
Axes           | 3 4 5 6 7 9 10 11 12 13 14 15 | 15.0
Armour         | 4 5 6 7 9 10 11 12 13 14 15 | 15.0
Shields        | 4 5 6 8 9 10 11 12 13 14 15 | 15.0
Invocations    | 3 6 9 11 12 | 12.0
Evocations     | 4 6 |  6.2

Action                     |  1- 3 |  4- 6 |  7- 9 | 10-12 | 13-15 || total
---------------------------+-------+-------+-------+-------+-------++-------
  Melee: War axe           |    25 |   101 |   272 |   410 |   716 ||  1524
         Headbutt          |     3 |     9 |    49 |    76 |   173 ||   310
 Invoke: Upheaval          |       |       |       |     4 |     6 ||    10
  Evoke: Wand              |       |       |       |       |     1 ||     1
    Use: Scroll            |       |     8 |     2 |     8 |     4 ||    22
         Potion            |       |     1 |       |    11 |     3 ||    15
 Armour: Scale mail        |    14 |    46 |       |       |       ||    60
         Chain mail        |       |    24 |   213 |   269 |       ||   506
         Skin              |       |       |       |    50 |       ||    50
         Plate armour      |       |       |       |    77 |   443 ||   520
  Dodge: Dodged            |     8 |    49 |   114 |   148 |    97 ||   416
         Repelled          |       |       |       |     1 |     2 ||     3
  Block: Buckler           |     3 |    37 |   106 |   231 |       ||   377
         Tower shield      |       |       |       |   159 |   846 ||  1005
         Reflection        |       |       |       |    32 |       ||    32

Table legend: (Time is in decaauts)
 A = Elapsed time spent in this place.
 B = Non-inter-level travel time spent in this place.
 C = Inter-level travel time spent in this place.
 D = Time resting spent in this place.
 E = Time spent auto-exploring this place.
 F = Levels seen in this place.
 G = Mean time per level.
                   A        B        C        D        E       F      G
               +--------+--------+--------+--------+--------+-----+--------+
         Total |  19381 |  18777 |    604 |   3026 |  12095 |  23 |  842.7 |
       Dungeon |  13530 |  13080 |    450 |   2200 |   8502 |  15 |  902.0 |
        Temple |     36 |     36 |      0 |      0 |      0 |   1 |   36.0 |
          Lair |   4899 |   4746 |    153 |    228 |   3586 |   5 |  979.8 |
  Orcish Mines |     17 |     17 |      0 |      0 |      0 |   1 |   17.0 |
      Gauntlet |    897 |    897 |      0 |    598 |      6 |   1 |  897.0 |
               +--------+--------+--------+--------+--------+-----+--------+

Top non-repeatable levels by time:
     D:2: 1571 daAuts
  Lair:5: 1408 daAuts
    D:11: 1195 daAuts
     D:9: 1172 daAuts
  Lair:2: 976 daAuts
     D:5: 967 daAuts
  Lair:1: 923 daAuts
     D:8: 904 daAuts
Gauntlet: 897 daAuts
    D:14: 873 daAuts
  Lair:3: 866 daAuts
    D:12: 855 daAuts
     D:7: 817 daAuts
     D:4: 815 daAuts
    D:15: 803 daAuts
